[Event "*** Titled Tuesday Blitz"]
[Site "Chess.com"]
[Date "2021.02.09"]
[Round "5"]
[White "Nikolaj_6"]
[Black "Piotrek1979"]
[Result "1-0"]
[WhiteElo "2651"]
[BlackElo "2390"]
[TimeControl "180+1"]
[EndTime "10:58:15 PST"]
[Termination "Nikolaj_6 won on time"]

1. e4 c5 2. Nf3 Nc6 3. d4 cxd4 4. Nxd4 g6 5. c4 Nf6 6. Nc3 d6 7. Nc2 Bg7 8. Be2 O-O 9. O-O Nd7 10. Bd2 Nc5 11. f3 a5 12. Kh1 a4 13. Na3 Ne6 14. Be3 Ned4 15. Rc1 e5 16. Bd3 Be6 17. Nxa4 f5 18. exf5 gxf5 19. Nc3 Kh8 20. Qd2 Rg8 21. f4 e4 22. Bb1 Qf6 23. Nd5 Qf7 24. Rcd1 Bxd5 25.
cxd5 Qxd5 26. Nc2 Nxc2 27. Qxd5 Nxe3 28. Qf7 Bxb2 29. Rg1 Nxd1 30. Rxd1 Rg7 31. Qxf5 e3 32. Bd3 Bd4 33. Qd5 Bc5 34. h3 Nb4 35. Qe4 Nxd3 36.
Rxd3 Rxa2 37. Rxe3 Bxe3 38. Qxe3 Ra8 39. Qd4 Rd8 40.
g4 Kg8 41. Qd5+ Kf8 42. f5 Re7 43. f6 Rf7 44. g5 Rfd7 45. h4 b5 46. Qxb5 d5 47.
Qc5+ Kf7 48. Qd4 Kg6 49. Qg4 Rd6 50. h5+ Kf7 51. Qf5 Kg8 52. g6 Rf8 53. g7 Rfd8 54.
h6 R6d7 55. Qe6+ 1-0

[Event "*** Titled Tuesday Blitz"]
[Site "Chess.com"]
[Date "2021.02.09"]
[Round "5"]
[White "Vugar_Manafov"]
[Black "eduardoperalta"]
[Result "1-0"]
[WhiteElo "2655"]
[BlackElo "2399"]
[TimeControl "180+1"]
[EndTime "10:58:16 PST"]
[Termination "Vugar_Manafov won by resignation"]

1. Nf3 Nf6 2. g3 g6 3. Bg2 Bg7 4. O-O O-O 5. d3 d5 6. Nc3 c5 7. e4 d4 8. Ne2 Nc6 9. Nd2 e5 10. h3 b5 11. f4 c4 12. dxc4 bxc4 13. Nxc4 Ba6 14. Nxe5 Nxe5 15. fxe5 Nh5 16. Kh2 Bxe5 17. Bf4 Qd6 18. Bxe5 Qxe5 19. Rf3 Rfd8 20. Qd2 Rab8 21. Rb1 Bxe2 22. Qxe2 Qa5 23. a3 Rb6 24. b4 Qe5 25. Rd1 Rc6 26. c4 Rf6 27. Rdd3 Rdd6 28. c5 Rde6 29. Kg1 Rxf3 30. Qxf3 Rf6 31. Qg4 Kg7 32. h4 a5 33. Qg5 Qe6 34. Kh2 Qc4 35. Qd2 axb4 36. axb4 Rf2 37. Qxf2 Qxd3 38. c6 Qc3 39. b5 d3 40. e5 d2 41. Bf3 Qxe5 42. b6 Qe1 43.
Qg2 Nf6 44. c7 d1=Q 45. Bxd1 Qxd1 46. Qb2 Kh6 47. c8=Q Ng4+ 48. Qxg4 Qxg4 49. b7 g5 50. b8=Q gxh4 51. Qf4+ Qxf4 52. gxf4 Kg6 53. Qe5 f5 1-0

[Event "*** Titled Tuesday Blitz"]
[Site "Chess.com"]
[Date "2021.02.09"]
[Round "5"]
[White "Meri-Arabidze"]
[Black "eljanov"]
[Result "0-1"]
[WhiteElo "2602"]
[BlackElo "2906"]
[TimeControl "180+1"]
[EndTime "10:58:16 PST"]
[Termination "eljanov won on time"]

1. d4 Nf6 2. c4 e6 3. Nf3 b6 4. Nc3 Bb7 5. e3 g6 6. Bd3 c5 7. O-O Bg7 8. d5 exd5 9. cxd5 O-O 10. e4 d6 11. Re1 Re8 12. h3 Ba6 13. Bf4 Bxd3 14.
Qxd3 a6 15. a4 Ra7 16. e5 dxe5 17. Bxe5 Nbd7 18. Bh2 Nf8 19. Rxe8 Nxe8 20. Ne5 Bxe5 21. Bxe5 Qc8 22. d6 Qe6 23. Bg3 Nf6 24. Rd1 N8d7 25. Qd2 Kg7 26. Re1 Qc4 27. Re7 Ra8 28. Bf4 h5 29. Bh6+ Kg8 30. Bg5 Qd4 31. Qxd4 cxd4 32. Ne4 Nxe4 33. Rxe4 f6 34. Bf4 g5 35. Bd2 Rc8 36. Rxd4 Kf7 37. Re4 Re8 38. Rc4 Re2 39. Bc3 Ke6 40. Rc6 Kd5 41. Rc8 Kxd6 42.
Ra8 a5 43. g3 f5 44. Rh8 Nc5 45. Rxh5 Ne4 46. Bd4 Kd5 47. Be3 Rxb2 48. h4 gxh4 49.
gxh4 b5 50. Rxf5+ Kc4 0-1

[Event "*** Titled Tuesday Blitz"]
[Site "Chess.com"]
[Date "2021.02.09"]
[Round "5"]
[White "ARTHURMOTIVATOR"]
[Black "C_K_G"]
[Result "1/2-1/2"]
[WhiteElo "2290"]
[BlackElo "2102"]
[TimeControl "180+1"]
[EndTime "10:58:16 PST"]
[Termination "Game drawn by repetition"]

1. e4 c5 2. b3 d6 3. Bb2 Nc6 4. Bb5 Nf6 5. d3 e6 6. Bxc6+ bxc6 7. f4 Be7 8. Nf3 O-O 9. O-O a5 10. a4 Rb8 11. Nbd2 Ba6 12. Qe1 Qb6 13. Kh1 h6 14. e5 Nd5 15. exd6 Bxd6 16. Ne4 Bxf4 17. Ne5 Qc7 18.
Nxc5 Bc8 19. c4 Be3 20. cxd5 Bxc5 21. Nxc6 Rxb3 22. Be5 Bd6 23. Rc1 Bxe5 24. Nxe5 Qd6 25. Qd1 Qxd5 26. Ng6 fxg6 27. Rxf8+ Kxf8 28. Rxc8+ Ke7 29. Qf1 Qf5 30. Qc1 Rxd3 31. Rc7+ Rd7 32. Rc5 Qd3 33. h3 Qd1+ 34. Qxd1 Rxd1+ 35. Kh2 Kf6 36. Rxa5 e5 37. Ra6+ Kf5 38. Ra7 g5 39. Rxg7 e4 40. Rf7+ Ke5 41. Re7+ Kf4 42. Rf7+ Ke3 43.
Kg3 Ra1 44. Rf6 Rxa4 45. Rxh6 Ke2 46. Rd6 e3 47. Rd5 Ke1 48. Kf3 e2 49. Re5 Ra3+ 50. Kg4 Ra4+ 51. Kxg5 Ra3 52. h4 Kd2 53. Rxe2+ Kxe2 54. h5 Ke3 55. Kg6 Ke4 56. h6 Ke5 57. h7 Ra6+ 58.
Kg7 Ra7+ 59. Kg8 Ra8+ 60. Kg7 Ra7+ 61. Kg8 Ra8+ 62. Kg7 Ra7+ 1/2-1/2

[Event "*** Titled Tuesday Blitz"]
[Site "Chess.com"]
[Date "2021.02.09"]
[Round "5"]
[White "Brave_spirit12"]
[Black "Kiborg95"]
[Result "0-1"]
[WhiteElo "2491"]
[BlackElo "2717"]
[TimeControl "180+1"]
[EndTime "10:58:20 PST"]
[Termination "Kiborg95 won by resignation"]

1. e4 d6 2. d4 Nf6 3. Nc3 e5 4.
dxe5 dxe5 5. Qxd8+ Kxd8 6. Bg5 c6 7. O-O-O+ Nd7 8. g3 Be7 9. Bg2 Ng4 10. Bxe7+ Kxe7 11. Rd2 b5 12. h3 Ngf6 13. Nge2 Nc5 14. f4 Nfd7 15.
b4 Ne6 16. Rhd1 a5 17. a3 Nb6 18. Rd6 Nd8 19. fxe5 Nc4 20. Nd4 axb4 21. Rxd8 Kxd8 22. Nxc6+ Kc7 23. Nxb4 Nxa3 24. Ncd5+ Kb7 25. Kd2 Nc4+ 26.
Ke2 Nxe5 27. Nc3 Bd7 28. Rd5 f6 29. Nxb5 Bxb5+ 30. Rxb5+ Kc7 31. Nd5+ Kc6 32. Rb6+ Kc5 33. Rb3 Rab8 34. Rc3+ Kd6 35. Kd2 Rhc8 36. Ra3 Rb2 37. Ra6+ Rc6 38. Rxc6+ Nxc6 39. Bf1 Ke5 40. Bd3 Rb1 41.
Ne3 h5 42. Nc4+ Ke6 43. Ne3 Rh1 44. Nf5 g6 45. Ne3 Rh2+ 46. Kc3 Rxh3 47. Bc4+ Kd6 48. Bd5 Ne5 49. Kd2 Rxg3 50. c4 Kc5 51. Nd1 Nxc4+ 52. Ke2 Ne5 53. Nb2 Kd4 54. Nd1 h4 55. Kf2 Ng4+ 56.
Kf1 Ne3+ 0-1

[Event "*** Titled Tuesday Blitz"]
[Site "Chess.com"]
[Date "2021.02.09"]
[Round "5"]
[White "m_ezat"]
[Black "Supernotar"]
[Result "0-1"]
[WhiteElo "2553"]
[BlackElo "2796"]
[TimeControl "180+1"]
[EndTime "10:58:20 PST"]
[Termination "Supernotar won by checkmate"]

1. d4 d5 2. c4 dxc4 3. e3 Nf6 4. Bxc4 e6 5. Nf3 a6 6. O-O b5 7. Bb3 Bb7 8. Qe2 Nbd7 9. Rd1 c5 10. dxc5 Bxc5 11.
Nc3 O-O 12. e4 Ng4 13. Rf1 Nde5 14. Nxe5 Nxe5 15. Bf4 Qf6 16. Bg3 Rad8 17. Rad1 h6 18. Qh5 g5 19. h4 Nd3 20. hxg5 hxg5 21. e5 Qg7 22. Bc2 Nxb2 23. Rxd8 Rxd8 24. Ne4 Bxe4 25.
Bxe4 Nc4 26. Kh2 Nxe5 27. f4 gxf4 28. Rxf4 Be3 29. Rh4 Ng6 30. Bxg6 fxg6 31. Qe2 Bd4 32. Qxe6+ Qf7 33. Qxa6 g5 34. Rh6 Bg7 35. Rg6 Kf8 36. Rxg5 Bf6 37. Bd6+ Ke8 38. Qc6+ Qd7 39. Qe4+ Kf7 40.
Qd5+ Qe6 41. Qxb5 Bxg5 42. Bg3 Bf6 43. Qb7+ Rd7 44. Qf3 Ke8 45. Qh5+ Qf7 46. Qa5 Qe6 47.
Kg1 Kf7 48. Qh5+ Ke7 49. a4 Rd5 50. Kh2 Rxh5+ 51. Kg1 Qe2 52. Bf2 Rg5 53. g4 Bd4 54. Kh2 Rxg4 55. Kh3 Qf3+ 56. Kh2 Rg2+ 57. Kh1 Qh3# 0-1

[Event "*** Titled Tuesday Blitz"]
[Site "Chess.com"]
[Date "2021.02.09"]
[Round "5"]
[White "manmanlai1"]
[Black "Nachsueb"]
[Result "1-0"]
[WhiteElo "2471"]
[BlackElo "2187"]
[TimeControl "180+1"]
[EndTime "10:58:20 PST"]
[Termination "manmanlai1 won by resignation"]

1. Nf3 g6 2. c4 Bg7 3. Nc3 c5 4. b3 Nc6 5. Bb2 e5 6. d3 Nge7 7. g3 O-O 8. Bg2 d6 9. h4 h5 10. Ng5 Rb8 11. Nd5 f6 12. Nxe7+ Nxe7 13. Ne4 b6 14.
Nc3 Be6 15. Qd2 Kh7 16. e3 d5 17. O-O dxc4 18. bxc4 Bxc4 19. Rfd1 Be6 20. d4 exd4 21.
exd4 Bh6 22. Qe2 Qc8 23. Re1 cxd4 24. Nb5 d3 25. Qxe6 Nf5 26. Nd6 Qxe6 27. Rxe6 Rbd8 28.
Nxf5 gxf5 29. Rd1 Kg6 30. f4 Rf7 31. Kf2 Bf8 32. Bf3 Bc5+ 33. Kf1 Bb4 34. a3 Bc5 35. Rd2 b5 36. Bd1 b4 37. a4 a5 38. Bb3 Rdd7 39.
Bc4 Rd8 40. Rxd3 Rg8 41. Rd5 Kh7 42. Rxc5 Rxg3 43. Bxf6 Rf3+ 44. Ke2 Rxf4 45. Bg5 Rg4 46. Rh6+ Kg7 47. Bxf7 Kxf7 48. Rc7+ Kg8 49. Rg6+ Kf8 50. Bh6+ Ke8 51. Rxg4 fxg4 52. Rb7 1-0

[Event "*** Titled Tuesday Blitz"]
[Site "Chess.com"]
[Date "2021.02.09"]
[Round "5"]
[White "salomez"]
[Black "BvsN"]
[Result "1-0"]
[WhiteElo "2205"]
[BlackElo "2338"]
[TimeControl "180+1"]
[EndTime "10:58:20 PST"]
[Termination "salomez won by checkmate"]

1. e4 c5 2. Nf3 e6 3. d4 cxd4 4. Nxd4 Nf6 5. Nc3 Nc6 6. Ndb5 Bc5 7. Nd6+ Ke7 8. Nxc8+ Rxc8 9. Be2 h5 10. Bg5 d6 11. Qd2 Qa5 12. Bb5 Nd4 13. Nd5+ exd5 14. Qxa5 Bb4+ 15. Qxb4 Nxc2+ 16. Kd2 Nxb4 17. a3 Nc6 18.
exd5 Nd4 19. Rhe1+ Kd8 20. Ba4 b5 21. Bd1 Kd7 22.
Bxf6 gxf6 23. Re4 Rc4 24. Kd3 Nf5 25. Rxc4 bxc4+ 26. Kxc4 Rc8+ 27. Kd3 Rc5 28. Bf3 Nh4 29. b4 Rb5 30. Kc4 a6 31. a4 Rb8 32. Bxh5 Nxg2 33. b5 Nf4 34. Bg4+ Kc7 35. bxa6 Kb6 36. Rb1+ Ka7 37.
Rxb8 Kxb8 38. Kb5 Ka7 39. Kc6 Kxa6 40. Kxd6 Nd3 41. f3 Ne5 42. h4 Ng6 43. h5 Nf8 44. Bf5 Ka5 45. Ke7 Ng6+ 46. hxg6 fxg6 47. Bxg6 Kxa4 48.
Kxf6 Kb5 49. d6 Kc5 50. Ke7 Kd4 51. d7 Ke3 52. d8=Q Kf4 53. Qf8+ Ke3 54. Qf7 Kf2 55. Qf6 Kg1 56. Qg5+ Kf2 57. f4 Ke3 58. f5+ Ke2 59. f6 Ke1 60. f7 Kf2 61. f8=Q+ Ke1 62. Qg1+ Kd2 63. Qff2+ Kc3 64. Qd4+ Kb3 65. Qge3+ Ka2 66. Qdd2+ Ka1 67. Qec3# 1-0

[Event "*** Titled Tuesday Blitz"]
[Site "Chess.com"]
[Date "2021.02.09"]
[Round "5"]
[White "bylavochka"]
[Black "DanielTitichoca"]
[Result "0-1"]
[WhiteElo "2078"]
[BlackElo "2291"]
[TimeControl "180+1"]
[EndTime "10:58:20 PST"]
[Termination "DanielTitichoca won by resignation"]

1. e4 g6 2. d4 Bg7 3. Nf3 d6 4. Be2 a6 5. h3 Nd7 6. O-O b5 7. a3 Bb7 8. Nc3 c5 9. Be3 cxd4 10. Nxd4 Ngf6 11. f3 O-O 12. Qd2 Rc8 13. Kh1 Re8 14.
Nb3 Qc7 15. Rac1 e6 16. a4 b4 17. Na2 d5 18. Nxb4 dxe4 19. Nxa6 Qe5 20. Bd4 Qg3 21. Bf2 Qe5 22. Bd4 Qg3 23. Bf2 e3 24. Qxe3 Qd6 25. Nac5 Nxc5 26. Nxc5 Ba8 27. Rcd1 Nd5 28. Qa3 Qe5 29.
Bb5 Red8 30. Bd4 Qg3 31. Ne4 Qh4 32. Bxg7 Kxg7 33. c4 Nf4 34. Qc3+ f6 35. Qe1 Qh5 36. Rxd8 Rxd8 37. Qg3 Ne2 38. Qc7+ Kh6 39. Qxd8 Bxe4 40. Qf8+ Kg5 41. f4+ Nxf4 42. Qc5+ e5 43. Qe3 Bxg2+ 44. Kh2 Bxf1 45. Qg3+ Kf5 46. Bd7+ Ke4 47. Bc6+ Kd4 48.
Qc3+ Kc5 49. Qa5+ Kxc6 50. Qa6+ Kc5 51. Qa7+ Kxc4 52. Qa6+ Kd4 53. Qxf1 Qe2+ 54. Qxe2 Nxe2 55. a5 Kc5 56. Kg2 Nd4 57. Kf2 Kb5 0-1

[Event "*** Titled Tuesday Blitz"]
[Site "Chess.com"]
[Date "2021.02.09"]
[Round "5"]
[White "FlySooHigh"]
[Black "ArjunErigaisi2003"]
[Result "0-1"]
[WhiteElo "2581"]
[BlackElo "2895"]
[TimeControl "180+1"]
[EndTime "10:58:21 PST"]
[Termination "ArjunErigaisi2003 won on time"]

1. e4 d6 2. d4 Nf6 3. Nc3 g6 4. Bg5 Bg7 5. Qd2 O-O 6. Bh6 c5 7.
Bxg7 Kxg7 8. Nf3 cxd4 9. Nxd4 Qb6 10. O-O-O Nc6 11. Be2 Bd7 12. h4 Rfc8 13. h5 Qxd4 14. Qxd4 Nxd4 15. Rxd4 Rc5 16. hxg6 hxg6 17. a4 Rac8 18.
f3 Nh5 19. Rhd1 Ng3 20. Bd3 a5 21. Kd2 g5 22. Rd5 Be6 23. Rxc5 Rxc5 24. Ke3 Nh5 25. g3 Nxg3 26. Rg1 Nh5 27. Nd5 Bxd5 28. Rxg5+ Kh6 29. Rxd5 Rxd5 30. exd5 Kg5 31. c3 Nf4 32. Bc4 Kf5 33.
Kd4 b6 34. b4 Ng2 35. Be2 Kf4 36. Kc4 Ne3+ 37. Kd4 e5+ 38. dxe6 fxe6 39. Kd3 Nf5 40. bxa5 bxa5 41. Kc4 Ke3 42. Bd1 Kd2 43. Bb3 d5+ 44.
Kb5 Kxc3 45. Bd1 Kd2 46. Kxa5 Kxd1 47. Kb4 Ke2 48. a5 Ne7 49. a6 Kxf3 50. Kc5 Nc8 51. Kc6 d4 52. Kb7 Nd6+ 53. Kc6 d3 54. Kxd6 d2 55. a7 d1=Q+ 56. Kxe6 Qd8 0-1

[Event "*** Titled Tuesday Blitz"]
[Site "Chess.com"]
[Date "2021.02.09"]
[Round "5"]
[White "Grimlock_Glasgow"]
[Black "igorcadilhac"]
[Result "0-1"]
[WhiteElo "2478"]
[BlackElo "2312"]
[TimeControl "180+1"]
[EndTime "10:58:21 PST"]
[Termination "igorcadilhac won on time"]

1. e4 c6 2. d4 d5 3. exd5 cxd5 4. Nf3 Nc6 5. Ne5 Bd7 6. Nxd7 Qxd7 7. c3 e6 8. Bd3 Bd6 9. Qg4 Nge7 10. Qxg7 O-O-O 11. Qxf7 Rdf8 12. Qh5 e5 13. Be3 e4 14. Be2 Rhg8 15.
Qh3 Nf5 16. Nd2 Kb8 17. O-O-O Na5 18. Kb1 Qg7 19. g3 Nxe3 20. fxe3 Rf2 21. Rde1 Qg5 22.
g4 Rc8 23. Nb3 Nc4 24. Bxc4 dxc4 25. Nc1 Rf3 26. Qxh7 Rxe3 27. Qh5 Qf4 28. Qf5 Rxe1 29. Qxf4 Bxf4 30. Rxe1 Bxh2 31. Rxe4 Rf8 32. Kc2 Rf1 33. Ne2 Bd6 34. b3 b5 35. bxc4 bxc4 36. g5 Ra1 37. Kb2 Rf1 38. d5 Rf2 39. g6 Rg2 40. Re6 Kc7 41. Kc2 Rg5 42. Nd4 Bc5 43. Nb5+ Kd7 44. Ra6 Rg2+ 45. Kd1 Rg1+ 46. Ke2 Rg2+ 47. Kf3 Rf2+ 48.
Kg3 Rf1 49. Kg2 Rg1+ 50. Kf3 Rg5 51. Ke4 Rg4+ 52. Kf5 Rg1 53. Nxa7 Bxa7 54. Rxa7+ Kd6 0-1

[Event "*** Titled Tuesday Blitz"]
[Site "Chess.com"]
[Date "2021.02.09"]
[Round "5"]
[White "AwareIdea"]
[Black "manitodeplomo"]
[Result "1/2-1/2"]
[WhiteElo "2475"]
[BlackElo "2622"]
[TimeControl "180+1"]
[EndTime "10:58:22 PST"]
[Termination "Game drawn by repetition"]

1. d4 g6 2. Bf4 Bg7 3. e3 Nf6 4. Nc3 O-O 5. h4 h5 6. e4 d6 7. f3 c5 8. dxc5 dxc5 9. Qxd8 Rxd8 10. Rd1 Rxd1+ 11. Kxd1 Nc6 12. Bb5 Nd4 13. Nge2 a6 14.
Bd3 b5 15. Nxd4 cxd4 16. Ne2 Nd7 17. Kd2 e5 18. Bg3 Nc5 19. c3 Be6 20. cxd4 exd4 21.
b3 b4 22. Rc1 Nxd3 23. Kxd3 a5 24. Nf4 Bd7 25. Nd5 a4 26. Nxb4 Bb5+ 27. Kd2 axb3 28. axb3 Bf8 29. Nd3 Ra2+ 30. Rc2 Bh6+ 31. Bf4 Rxc2+ 32.
Kxc2 Bxd3+ 33. Kxd3 Bxf4 34. Kxd4 Bg3 35. Kd5 Bxh4 36. b4 Bf2 37. b5 Kg7 38. e5 Kh6 39. f4 h4 40. Kd6 Kg7 41. Kc6 g5 42. f5 g4 43. e6 fxe6 44. fxe6 Kf6 45. Kd7 Bc5 46. b6 h3 47. gxh3 gxh3 48. b7 Ba7 49. e7 h2 50. e8=Q h1=Q 51. Qe6+ Kg7 52. Qe7+ Kg8 53.
Qe8+ Kg7 54. Qe7+ Kg8 55. Qg5+ Kf7 56. Qf5+ Kg7 57. Qe5+ Kf7 58. Qe6+ Kg7 59. Qe7+ 1/2-1/2

[Event "*** Titled Tuesday Blitz"]
[Site "Chess.com"]
[Date "2021.02.09"]
[Round "5"]
[White "Problematique_99"]
[Black "LimeInTheCoconut"]
[Result "1-0"]
[WhiteElo "2457"]
[BlackElo "2297"]
[TimeControl "180+1"]
[EndTime "10:58:22 PST"]
[Termination "Problematique_99 won on time"]

1. e4 c6 2. d3 d5 3. Nf3 dxe4 4.
dxe4 Qxd1+ 5. Kxd1 Nf6 6. Nfd2 g5 7. Nc3 h5 8. f3 h4 9. Bc4 e6 10. e5 Nd5 11. Nde4 Nxc3+ 12. bxc3 Nd7 13. Bxg5 Be7 14. Bxe7 Kxe7 15. f4 b5 16. Bd3 c5 17. Bxb5 Bb7 18.
Re1 Rhg8 19. Bxd7 Bxe4 20. Rxe4 Kxd7 21. Re2 Rab8 22. Kc1 Rg4 23. Rf2 Rbg8 24. Rb1 Rxg2 25. Rb7+ Kc6 26. Rxg2 Rxg2 27. Rxf7 Rxh2 28. c4 Rf2 29.
Rxa7 Rxf4 30. Re7 Rxc4 31. Rxe6+ Kd5 32. Re8 Re4 33. Kd2 Rxe5 34. Rh8 Re4 35. Kc3 Rc4+ 36. Kb3 Rb4+ 37. Ka3 Rc4 38. Rh5+ Kc6 39. Kb3 Kb5 40.
c3 Rg4 41. Rh8 c4+ 42. Ka3 Rf4 43. Rh5+ Kb6 44. Kb4 Rg4 45. a4 Rf4 46. a5+ Ka6 47. Rh6+ Ka7 48. Rh5 Rg4 49. Kb5 Rg7 50. Rxh4 Rg5+ 51.
Kb4 Ka6 52. Rh6+ Kb7 53. Rb6+ Ka7 54. Rb5 Rg4 55. Rc5 Rg1 56. Kxc4 Rb1 57. Rb5 Rh1 58. Rg5 1-0

[Event "*** Titled Tuesday Blitz"]
[Site "Chess.com"]
[Date "2021.02.09"]
[Round "5"]
[White "InitiatingASC"]
[Black "mbojan"]
[Result "0-1"]
[WhiteElo "2409"]
[BlackElo "2629"]
[TimeControl "180+1"]
[EndTime "10:58:23 PST"]
[Termination "mbojan won by resignation"]

1. d4 g6 2. Bf4 Bg7 3. e3 d6 4. Nc3 e5 5. dxe5 dxe5 6. Qxd8+ Kxd8 7. Bg3 Be6 8. O-O-O+ Nd7 9. Nf3 f6 10. Bb5 c6 11. Ba4 Nh6 12. Rd2 Kc7 13. Rhd1 Nc5 14. Bb3 Nxb3+ 15. axb3 Nf7 16. Ne4 Rad8 17. Nc5 Bc8 18.
Nd4 Rhe8 19. b4 b6 20. Nd3 Kb7 21. Ne2 Be6 22. f3 Bh6 23. Bf2 Kc7 24. b3 Nd6 25. Ng3 Bg7 26. Nb2 Bf8 27. Be1 h5 28. Na4 h4 29.
Ne2 h3 30. g3 e4 31. fxe4 Bg4 32. Nac3 Bxe2 33. Nxe2 Nxe4 34. Rxd8 Rxd8 35. Rxd8 Kxd8 36. Nf4 Ng5 37. Nxg6 Bd6 38. Nf4 Nf3 39. Bf2 Bxf4 40. gxf4 Nxh2 41. Bg3 Ng4 42. e4 h2 43. Bxh2 Nxh2 44.
Kd2 Ng4 45. Kd3 Kd7 46. Kd4 Kd6 47. c4 Ke6 48. Kd3 Nh6 49. Ke3 f5 50. Kd4 fxe4 51.
Kxe4 Nf5 52. Kd3 Nd6 53. Kd4 Nb7 54. c5 b5 55. Ke4 Nd8 56. f5+ Kf6 57. Kf4 Nf7 58. Ke4 Nh6 59. Kf4 Nxf5 60. Ke4 Ne7 61. Kd4 Nd5 62. Kd3 Nxb4+ 63. Kc3 Nd5+ 64. Kd4 Ke6 65. Ke4 Kd7 66. Kd4 Kc7 67. Ke4 Kb7 68. Ke5 Nc7 69. Kd6 Na6 70. b4 Nxb4 0-1

[Event "*** Titled Tuesday Blitz"]
[Site "Chess.com"]
[Date "2021.02.09"]
[Round "5"]
[White "dosto07"]
[Black "LamaChampetre"]
[Result "0-1"]
[WhiteElo "2396"]
[BlackElo "2244"]
[TimeControl "180+1"]
[EndTime "10:58:23 PST"]
[Termination "LamaChampetre won by checkmate"]

1. d4 Nf6 2. Nf3 g6 3. Nc3 d5 4. Bf4 Bg7 5. Nb5 Na6 6. e3 O-O 7. Be2 c5 8. O-O Bf5 9. c3 c4 10. h3 Bd7 11. a4 Nh5 12. Bh2 Nf6 13. Ne5 Ne4 14. Nxd7 Qxd7 15. Qc2 Rfe8 16. Rfd1 Nd6 17. b3 Nxb5 18. axb5 Qxb5 19. bxc4 dxc4 20. Rdb1 Qg5 21. Bxc4 e5 22. dxe5 Nc5 23. Bf4 Qe7 24. Bd5 Rad8 25.
e4 b6 26. Qd2 Bxe5 27. Bg5 Bf6 28. Bxf6 Qxf6 29. Qe3 Kg7 30. Rxa7 Rxd5 31. exd5 Rxe3 32. fxe3 Qxc3 33. Re7 Kf6 34. Re8 Kg7 35. Rf1 Qd3 36.
Re7 Qxd5 37. Kh1 h5 38. Rf4 Nd3 39. Rd4 Nf2+ 40. Kg1 Qf5 41. Rf4 Qc5 42. Rexf7+ Kh6 43. Rxf2 Qxe3 44. Kh1 b5 45. Rf8 Kg7 46. h4 Qe1+ 47.
Kh2 Qe5+ 48. Kh3 Qe6+ 49. Kh2 b4 50. R8f4 Qe5 51. Kg1 Qe6 52. Rxb4 Qe1+ 53. Kh2 Qxb4 54. Kh3 Qb8 55. g3 Qc8+ 56. Kg2 Qc3 57. Rf3 Qc6 58. Kf2 Qc2+ 59. Ke3 Qc3+ 60. Kf4 Qd4+ 61. Kg5 Qe5+ 62. Rf5 Qxf5# 0-1

[Event "*** Titled Tuesday Blitz"]
[Site "Chess.com"]
[Date "2021.02.09"]
[Round "5"]
[White "HouseOfDurin"]
[Black "Mbneu"]
[Result "1-0"]
[WhiteElo "2100"]
[BlackElo "2279"]
[TimeControl "180+1"]
[EndTime "10:58:24 PST"]
[Termination "HouseOfDurin won on time"]

1. d4 Nf6 2. Bg5 c5 3. Bxf6 gxf6 4. c3 e6 5. e3 b6 6. Qf3 Nc6 7. g3 Bb7 8. Bg2 Na5 9. e4 cxd4 10. Ne2 Nc4 11. O-O f5 12. Nxd4 Bxe4 13. Qe2 Bxg2 14.
Kxg2 Nd6 15. Na3 Bg7 16. Nab5 Nxb5 17. Nxf5 Bf6 18. Qxb5 exf5 19. Rfe1+ Kf8 20. Rad1 d6 21. Qxf5 Bg7 22. Rd5 Qc8 23. Qd3 Qc6 24. f3 Rd8 25.
Rd1 h5 26. Rxd6 Rxd6 27. Qxd6+ Qxd6 28. Rxd6 Rh6 29. Rd7 a5 30. Rd5 h4 31. gxh4 Rxh4 32. Rd6 Rh6 33. Rd5 Rc6 34. Rd8+ Ke7 35. Rd3 Bh6 36.
Kf2 Bc1 37. b3 Bb2 38. c4 Bf6 39. Rd5 Ke6 40. Kg3 Be7 41. h4 Bc5 42. h5 Kf6 43. Kf4 Kg7 44. Kg5 Rf6 45. Kg4 Be3 46. Rg5+ Kh7 47.
Rd5 Rf4+ 48. Kg3 Kh6 49. Rd6+ Kxh5 50. Rd7 f5 51. Re7 Bc1 52. Re1 Bd2 53. Re2 Bc1 54. Re1 Rh4 55. Rxc1 f4+ 56. Kg2 Kg6 57. Rd1 1-0

[Event "*** Titled Tuesday Blitz"]
[Site "Chess.com"]
[Date "2021.02.09"]
[Round "5"]
[White "Gabrielian_Artur"]
[Black "MITerryble"]
[Result "1-0"]
[WhiteElo "2811"]
[BlackElo "2939"]
[TimeControl "180+1"]
[EndTime "10:58:25 PST"]
[Termination "Gabrielian_Artur won on time"]

1. c4 e5 2. Nc3 Nc6 3. Nf3 f5 4. d3 d6 5. g3 g6 6. Bg2 Bg7 7.
O-O Nf6 8. Rb1 O-O 9. b4 h6 10. b5 Ne7 11. Ba3 g5 12. c5 Be6 13. cxd6 cxd6 14.
Nd2 d5 15. e3 Re8 16. Nb3 b6 17. Rc1 Rc8 18. Bb2 Ng6 19. Ne2 Qd7 20. a4 f4 21. Nd2 Bh3 22. Rxc8 Rxc8 23. exf4 gxf4 24. Nf3 Bxg2 25. Kxg2 e4 26. dxe4 dxe4 27. Bxf6 exf3+ 28. Kxf3 Qb7+ 29. Kg4 Bxf6 30. Nxf4 Nxf4 31. gxf4 Kh8 32. Rg1 Qe4 33. Rg3 Qe6+ 34. f5 Qe4+ 35. Kh3 Qxf5+ 36. Kg2 Rg8 37. Qd6 Rxg3+ 38. hxg3 Qe4+ 39. Kg1 Bd4 40. Qf8+ Kh7 41. Qf7+ Bg7 42. Qxa7 Qd4 43. Qb7 h5 44. Qf3 Qa1+ 45. Kg2 Qe5 46. Qc6 Qd4 47. Qf3 Kg6 48.
Qc6+ Bf6 49. Qe8+ Kg5 50. f4+ Kh6 51. Qc6 Kg7 52. Qc7+ Kg6 53. Qc6 Kh6 54. a5 bxa5 55. b6 Qb2+ 56. Kh3 Qa1 57. b7 Qf1+ 58. Qg2 1-0

[Event "*** Titled Tuesday Blitz"]
[Site "Chess.com"]
[Date "2021.02.09"]
[Round "5"]
[White "Chesswizard_2007"]
[Black "AustrianFalcon"]
[Result "1/2-1/2"]
[WhiteElo "2675"]
[BlackElo "2451"]
[TimeControl "180+1"]
[EndTime "10:58:25 PST"]
[Termination "Game drawn by repetition"]

1. e4 g6 2. g3 d5 3. Bg2 dxe4 4. Bxe4 Nf6 5. Bg2 Bg7 6. Nf3 O-O 7. O-O c5 8. Nc3 Nc6 9. Re1 Qc7 10. d3 e5 11. Bg5 Be6 12. Nd2 Qd7 13. Nde4 Nxe4 14.
Nxe4 b6 15. Nf6+ Bxf6 16. Bxf6 Bd5 17. Qd2 Qd6 18. Bxd5 Qxf6 19. Bxc6 Qxc6 20. Rxe5 Rfe8 21. Rae1 Rxe5 22. Rxe5 Re8 23. Rxe8+ Qxe8 24. b3 Qe5 25. a4 h5 26. Qe3 Qc3 27. Qe2 Kg7 28. h4 a6 29. Kg2 b5 30. axb5 axb5 31. f4 Kf6 32.
Kf3 Qd4 33. Qe4 Qa1 34. Kf2 Qc3 35. Qe2 b4 36. Kf3 Qa1 37. Kg2 Kg7 38. Qe5+ Qxe5 39.
fxe5 f6 40. exf6+ Kxf6 41. Kf3 Kf5 42. g4+ hxg4+ 43. Kg3 Kf6 44. Kxg4 Kg7 45. Kf4 Kh6 46. Kg4 Kg7 47. h5 gxh5+ 48. Kxh5 Kf6 49. Kg4 Ke5 50.
Kf3 Kd4 51. Ke2 Kd5 52. Ke3 Ke5 53. Kd2 Kd4 54. c4 bxc3+ 55. Kc2 Ke5 56. Kxc3 Kd5 57. Kc2 Ke5 58. Kd2 Kd4 59. Kc2 Ke5 60. Kc1 Kd5 61.
Kd1 Ke5 62. Ke1 Kd5 63. Ke2 Ke5 64. Kd2 Kd5 65. Kc3 Kd6 66. Kc4 Kc6 67. Kc3 Kd5 68. Kb2 Kd4 69. Kc2 Ke5 1/2-1/2

[Event "*** Titled Tuesday Blitz"]
[Site "Chess.com"]
[Date "2021.02.09"]
[Round "5"]
[White "digilik"]
[Black "DanilNajdin"]
[Result "0-1"]
[WhiteElo "2236"]
[BlackElo "2474"]
[TimeControl "180+1"]
[EndTime "10:58:25 PST"]
[Termination "DanilNajdin won on time"]

1. e4 e5 2. Nf3 Nc6 3. Nc3 Nf6 4. Bb5 Bb4 5. O-O O-O 6. d3 Bxc3 7. bxc3 d6 8. Re1 Qe7 9. d4 Nd8 10. a4 c6 11. Bf1 Bg4 12. h3 Bxf3 13. Qxf3 Ne6 14. Be3 exd4 15. cxd4 d5 16. e5 Ne4 17. Qf5 g6 18.
Qg4 f5 19. exf6 Qxf6 20. Bd3 h5 21. Qe2 Nc3 22. Qd2 Ne4 23. Bxe4 dxe4 24. c3 Rf7 25.
Rab1 Rd8 26. Qc2 Qf5 27. Bc1 Nc7 28. Rxe4 Nd5 29. Bd2 Qxf2+ 30. Kh1 Qg3 31. Rg1 Rf2 32. Be1 Rxc2 33. Bxg3 Rxc3 34. Be5 Re8 35. g4 Rxh3+ 36. Kg2 Rh4 37. Kg3 Rxg4+ 38. Rxg4 hxg4 39. Rh1 Re7 40. Rh8+ Kf7 41. Rh7+ Ke6 42. Rh8 Nf6 43. Rf8 Rf7 44.
Rc8 Rh7 45. Rf8 Rh3+ 46. Kg2 Ne4 47. Re8+ Kd5 48. Rd8+ Kc4 49. Rd7 Rd3 50. Rxb7 Rd2+ 51. Kg1 g3 52. Rg7 g5 53. Bc7 g2 54. Bh2 Rd1+ 55. Kxg2 Rd2+ 56. Kg1 Kxd4 57. Rd7+ Kc4 0-1

[Event "*** Titled Tuesday Blitz"]
[Site "Chess.com"]
[Date "2021.02.09"]
[Round "5"]
[White "YIYUKI"]
[Black "AurumO"]
[Result "1/2-1/2"]
[WhiteElo "2152"]
[BlackElo "1897"]
[TimeControl "180+1"]
[EndTime "10:58:25 PST"]
[Termination "Game drawn - insufficient material"]

1. d4 d5 2. c4 e6 3. Nc3 Nf6 4.
cxd5 exd5 5. Bg5 c6 6. e3 Be7 7.
Bd3 Nbd7 8. Nf3 h6 9. Bh4 O-O 10. O-O Re8 11. Qc2 Ne4 12. Bxe7 Qxe7 13. Bxe4 dxe4 14.
Nd2 Nf6 15. Rae1 Bf5 16. f3 Bg6 17. fxe4 Nxe4 18. Ndxe4 Bxe4 19. Qf2 f6 20. Nxe4 Qxe4 21. Qg3 Re6 22. Rf4 Qd3 23. Kf2 Rae8 24. h4 c5 25. dxc5 Qc2+ 26. Re2 Qxc5 27. Rg4 R6e7 28. Qf3 Qb6 29.
Qf4 Qc6 30. Qxh6 Qe4 31. Rxe4 gxh6 32. Rxe7 Rxe7 33. Rc2 Kf7 34. Kf3 Kg6 35. Kf4 h5 36. e4 Rd7 37. g3 Re7 38. a4 a6 39. a5 Rd7 40. Rc4 Rd2 41. Rb4 Rd7 42. Rb6 Re7 43.
b4 Kg7 44. b5 axb5 45. Rxb5 Kg6 46. Rb6 Kg7 47. g4 hxg4 48. Kxg4 Rxe4+ 49. Kh5 Re7 50. Kg4 Rc7 51. Kf5 Rc5+ 52. Ke6 Rxa5 53. Rxb7+ Kg6 54. Rb4 Rh5 55. Rg4+ Kh6 56. Kxf6 Rb5 57. Re4 Rb6+ 58. Kf5 Rb5+ 59. Kg4 Rb6 60. Rd4 Rg6+ 61. Kh3 Kh5 62. Rd5+ Kh6 63. Rg5 Rxg5 64. hxg5+ Kxg5 1/2-1/2